 Dungeon Crawl Stone Soup version 0.27.1-3-gb3d3a73c9e (webtiles) character file.

Game seed: 7936350123922210718

37 ABBCCCDDDD the Sneak (level 3, 0/34 HPs)
             Began as a Naga Monk on Oct 7, 2021.
             Was a Priest of Lugonu.
             Slain by an adder (2 damage)
             ... on level 2 of the Dungeon.
             The game lasted 00:02:03 (2305 turns).

ABBCCCDDDD the Sneak (Naga Monk)                    Turns: 2305, Time: 00:02:04

Health: 0/34       AC:  2    Str: 13    XL:     3   Next: 41%
Magic:  3/3        EV: 10    Int: 11    God:    Lugonu [***...]
Gold:   42         SH:  0    Dex: 13    Spells: 2/2 levels left

rFire    . . .     SeeInvis +   a - +0 hand axe
rCold    . . .     Faith    .   (no shield)
rNeg     . . .     Spirit   .   b - +0 robe
rPois    +         Reflect  .   (no helmet)
rElec    .         Harm     .   (no cloak)
rCorr    .         Rampage  .   (no gloves)
Will     .....                  (no barding)
Stlth    +++.......             (no amulet)
HPRegen  0.11/turn              (no ring)
MPRegen  0.08/turn              (no ring)

@: very slow
A: AC +1, large, see invisible, deformed body, poison resistance, slowness 2,
spit poison 1, naga tail 1
a: Spit Poison, Renounce Religion, Depart the Abyss, Bend Space, Banish


You were on level 2 of the Dungeon.
You worshipped Lugonu.
Lugonu was most pleased with you.
You visited 1 branch of the dungeon, and saw 2 of its levels.

You collected 42 gold pieces.

Inventory:

Hand Weapons
 a - a +0 hand axe (weapon)
Armour
 b - a +0 robe (worn)
Scrolls
 c - a scroll of fog {unknown}
 d - 3 scrolls of amnesia {unknown}
 f - a scroll of fear {unknown}
 g - 2 scrolls of blinking {unknown}
Potions
 e - a potion of curing {unknown}


   Skills:
 + Level 3.4 Fighting
 + Level 3.5 Axes
 - Level 2.4 Dodging
 - Level 4.2 Stealth
 + Level 0.0 Invocations


You had 2 spell levels left.
You didn't know any spells.
Your spell library contained the following spells:

 Spells                   Type           Power      Damage    Failure   Level
 Slow                     Hex            0%         N/A       47%         2
 Confusing Touch          Hex            0%         N/A       71%         3
 Conjure Flame            Conj/Fire      0%         6-21      71%         3
 Ignite Poison            Fire/Tmut/Pois 0%         N/A       71%         3
 Sticky Flame             Conj/Fire      0%         2d3       98%         4
 Yara's Violent Unravell  Hex/Tmut       0%         3d3       100%        5


Dungeon Overview and Level Annotations

Branches:
Dungeon (2/15)

Altars:
Lugonu


Innate Abilities, Weirdness & Mutations

Your serpentine skin is tough. (AC +1)
You have supernaturally acute eyesight. (SInv)
Armour fits poorly on your strangely shaped body.
Your system is resistant to poisons. (rPois)
You cover ground very slowly.
You can spit poison.
You have a snake-like lower body.


Message History

The adder is heavily wounded.
You feel sick. The adder bites you.
You hit the adder but do no damage.
The adder is heavily wounded.
You feel sick. The adder bites you. The adder barely misses you.
You are too injured to fight recklessly!
You are too injured to fight recklessly!
You are too injured to fight recklessly!
You miss the adder.
The adder is moderately wounded.
You feel sick. The adder bites you.
You hit the adder but do no damage.
The adder is moderately wounded.
You feel sick. The adder misses you. The adder closely misses you.
You hit the adder but do no damage.
The adder is moderately wounded.
You feel sick.
You are no longer poisoned.
The adder bites you.
* * * LOW HITPOINT WARNING * * *
You are poisoned.
The adder poisons you!
You hit the adder.
The adder is severely wounded.
You feel sick. The adder bites you but does no damage. The adder bites you.
* * * LOW HITPOINT WARNING * * *
You hit the adder but do no damage.
The adder is severely wounded.
You feel sick. The adder bites you but does no damage.
You barely miss the adder.
The adder is severely wounded.
You feel sick.
You are no longer poisoned.
The adder barely misses you.
You closely miss the adder.
The adder is severely wounded.
The adder bites you.
* * * LOW HITPOINT WARNING * * *
The adder bites you.
You die...

######.........
..#######..#####.
.................
#########..#####.
#..>..# # #.##### .#
#.#######.#
#.##S.....#
#.##@.....#
#.##......#
#.##......#
#.##......##
#########.##........
#......†..##.....###
#.......).''........
#.........##..######
#....._...###.#


You could see an adder.

Levels and vault maps discovered:
D:1:      scummos_arrival_gate, layout_basic, minmay_close_crescents
D:2:      layout_basic, basic_ecumenical_altar, minivault_5, minmay_tetromino_o4

Notes
Turn   | Place    | Note
-------+----------+-------------------------------------------
     0 | D:1      | ABBCCCDDDD the Naga Monk began the quest for the Orb.
     0 | D:1      | Reached XP level 1. HP: 21/21 MP: 1/1
   207 | D:1      | Reached XP level 2. HP: 9/28 MP: 2/2
  1521 | D:1      | Reached XP level 3. HP: 23/34 MP: 3/3
  1629 | D:1      | Reached skill level 4 in Stealth
  2147 | D:2      | Found a faded altar of an unknown god.
  2279 | D:2      | Became a worshipper of Lugonu the Unformed
  2279 | D:2      | Reached * piety under Lugonu
  2279 | D:2      | Reached ** piety under Lugonu
  2279 | D:2      | Reached *** piety under Lugonu
  2305 | D:2      | Slain by an adder

Table legend: (Time is in decaauts)
 A = Elapsed time spent in this place.
 B = Non-inter-level travel time spent in this place.
 C = Inter-level travel time spent in this place.
 D = Time resting spent in this place.
 E = Time spent auto-exploring this place.
 F = Levels seen in this place.
 G = Mean time per level.
                   A        B        C        D        E       F      G
               +--------+--------+--------+--------+--------+-----+--------+
         Total |   2715 |   2615 |    100 |    811 |   1507 |   2 | 1357.5 |
       Dungeon |   2715 |   2615 |    100 |    811 |   1507 |   2 | 1357.5 |
               +--------+--------+--------+--------+--------+-----+--------+

Top non-repeatable levels by time:
     D:1: 2474 daAuts
     D:2: 240 daAuts

Table legend:
 A = Kills in this place as a percentage of kills in entire the game.
 B = Kills by you in this place as a percentage of kills by you in the entire game.
 C = Kills by friends in this place as a percentage of kills by friends in the entire game.
 D = Other kills in this place as a percentage of other kills in the entire game.
 E = Experience gained in this place as a percentage of experience gained in the entire game.
 F = Experience gained in this place divided by the number of levels of this place that you have seen.
                   A       B       C       D       E      F
               +-------+-------+-------+-------+-------+----------------------
         Total | 100.0 | 100.0 |   N/A |   N/A | 100.0 |  27.0
       Dungeon | 100.0 | 100.0 |   N/A |   N/A | 100.0 |  27.0
               +-------+-------+-------+-------+-------+----------------------

Action                   || total
-------------------------++-------
Melee: Hand axe          ||   112
 Stab: Sleeping          ||     2
Armor: Robe              ||    23
Dodge: Dodged            ||    76

Vanquished Creatures
  2 dart slugs
  2 ball pythons (D:1)
  A bat (D:1)
  6 endoplasms (D:1)
  A giant cockroach (D:1)
  3 goblins
  A hobgoblin (D:1)
  6 jackals (D:1)
  3 frilled lizards (D:1)
  A kobold (D:1)
  2 rats (D:1)
28 creatures vanquished.
